 Dungeon Crawl Stone Soup version 0.19-a0-1019-g9c6a58d (webtiles) character file.

4777 kae the Fencer (level 10, -5/76 (77) HPs)
             Began as a Minotaur Fighter on July 22, 2016.
             Was a Priest of Makhleb.
             Slain by Xiguana's ghost (16 damage)
             ... on level 10 of the Dungeon on July 25, 2016.
             The game lasted 00:11:12 (8189 turns).

kae the Fencer (Minotaur Fighter)                   Turns: 8189, Time: 00:11:12

HP:   -5/76 (77)    AC:  7    Str: 23    XL:     10   Next: 23%
MP:   9/9           EV: 16    Int:  7    God:    Makhleb [***...]
Gold: 340           SH:  0    Dex: 14    Spells: 0 memorised, 9 levels left

rFire  . . .     SeeInvis .     C - +3 great sword
rCold  . . .     Gourm    .     b - +1 scale mail
rNeg   + . .     Faith    .     (shield currently unavailable)
rPois  .         Spirit   .     (helmet restricted)
rElec  .         Dismiss  .     (no cloak)
rCorr  .         Reflect  .     (no gloves)
SustAt .         Harm     .     (no boots)
MR     .....                    v - amulet of magic regeneration
Stlth  +.........               o - +2 ring of evasion
                                n - ring of positive energy

@: agile, not resistant to hostile enchantments, very unstealthy
A: retaliatory headbutt, horns 2
a: Minor Destruction, Lesser Servant of Makhleb, Renounce Religion


You were on level 10 of the Dungeon.
You worshipped Makhleb.
Makhleb was most pleased with you.
You were hungry.

You visited 2 branches of the dungeon, and saw 11 of its levels.

You collected 340 gold pieces.

Inventory:

Hand Weapons
 a - a +1 long sword
 C - a +3 great sword (weapon)
Armour
 b - a +1 scale mail (worn)
 c - a +0 shield
Jewellery
 d - an uncursed ring of ice
 n - a ring of positive energy (left hand)
 o - a +2 ring of evasion (right hand)
 t - an uncursed ring of resist corrosion
 v - an amulet of magic regeneration (around neck)
 w - a +4 ring of intelligence
 A - an uncursed amulet of rage
 J - a cursed -2 ring of intelligence
Scrolls
 h - 4 scrolls of remove curse
 p - 5 scrolls of teleportation
 x - 3 scrolls of recharging
 y - 3 scrolls of noise
 B - 2 scrolls of enchant weapon
 G - a scroll of enchant armour
Potions
 i - a potion of invisibility {unknown}
 j - a potion of resistance {unknown}
 k - 6 potions of flight
 l - 4 potions of cure mutation
 m - 2 potions of curing
 q - a potion of heal wounds {unknown}
 r - a potion of mutation {unknown}
 s - a potion of haste {unknown}
 u - 2 potions of degeneration {unknown}
 z - 3 potions of cancellation {unknown}
 D - 4 potions of brilliance {unknown}
 E - a potion of lignification {unknown}
Comestibles
 f - 5 bread rations
 g - 3 meat rations
 I - a beef jerky


   Skills:
 - Level 3.6 Fighting
 * Level 16.7 Long Blades
 - Level 3.6 Armour
 - Level 3.6 Shields
 + Level 1.0 Invocations


You had 9 spell levels left.
You didn't know any spells.

Dungeon Overview and Level Annotations

Branches:
Dungeon (10/15)            Temple (1/1) D:5
   Lair: D:8-11         Orc: D:9-12

Altars:
Cheibriados
Elyvilon
Fedhas
Kikubaaqudgha
Makhleb
Okawaru
Pakellas
Ru
Sif Muna
Trog
Uskayaw
Vehumet
Yredelemnul
Zin
The Shining One

Annotations:
D:10 Xiguana's ghost, journeyman HEFi


Innate Abilities, Weirdness & Mutations

You reflexively headbutt those who attack you in melee.
You have a pair of horns on your head.


Message History

Xiguana's ghost is severely damaged.
Xiguana's ghost hits you!
You closely miss Xiguana's ghost.
Xiguana's ghost is severely damaged.
Xiguana's ghost hits you!
You hit Xiguana's ghost but do no damage.
You headbutt Xiguana's ghost!
Xiguana's ghost is severely damaged.
Xiguana's ghost hits you!
* * * LOW HITPOINT WARNING * * *
You are too injured to fight recklessly!
You are too injured to fight recklessly!
You are too injured to fight recklessly!
You are too injured to fight recklessly!
You are too injured to fight recklessly!
You feel more agile all of a sudden. Xiguana's ghost hits you.
* * * LOW HITPOINT WARNING * * *
A demon appears!
Xiguana's ghost hits you!
You die...

.#####. #.#
.#...#######.#
######.#
#............#
#......#
#............#
#.######
#...........#
##...........##
#......!......# #
#.[....8......##.#
#..!.))?....3W@..#
###............##..#
<..................#
)...............##...
####............#
##.# ##.##)####.###
.# #.##.# #.# .
#.##.# #.# # .. ...


You could see Xiguana's ghost and a friendly neqoxec.

Vanquished Creatures
  A hippogriff (D:8)
  A steam dragon (D:7)
  3 hungry ghosts
  A water moccasin (D:9)
  A necrophage (D:8)
  An eye of draining (D:8)
  3 orc warriors
  3 sky beasts
  3 phantoms
  5 ogres
  3 centaurs
  4 giant frogs
  A water moccasin zombie (D:8)
  A wyvern zombie (D:8)
  5 scorpions
  5 jellies
  9 wights (D:8)
  4 howler monkeys
  2 crimson imps
  2 giant frog zombies
  3 hounds
  4 orc priests
  A quasit (D:8)
  A giant frog skeleton (D:4)
  7 orc wizards
  4 worker ants
  4 iguanas
  A hound skeleton (D:9)
  A howler monkey zombie (D:5)
  2 worker ant zombies (D:8)
  4 gnolls (D:5)
  11 adders
  2 shadow imps
  An ooze (D:1)
  An adder skeleton (D:5)
  6 giant geckos
  12 orcs
  9 bats
  3 giant cockroaches
  3 goblins
  4 hobgoblins
  3 jackals (D:7)
  3 kobolds
  9 quokkas
  A giant gecko skeleton (D:5)
  A giant gecko zombie (D:8)
  3 giant newts
162 creatures vanquished.

Vanquished Creatures (others)
  A human (D:3)
  2 bushes (D:4)
3 creatures vanquished.

Grand Total: 165 creatures vanquished

Notes
Turn   | Place    | Note
-------+----------+-------------------------------------------
     0 | D:1      | kae the Minotaur Fighter began the quest for the Orb.
     0 | D:1      | Reached XP level 1. HP: 19/19 MP: 0/0
    83 | D:1      | Reached skill level 3 in Long Blades
   126 | D:1      | You fall through a shaft!
   153 | D:2      | Reached XP level 2. HP: 25/26 MP: 1/1
   369 | D:1      | Reached skill level 4 in Long Blades
   560 | D:2      | Reached XP level 3. HP: 31/31 MP: 2/2
  1163 | D:3      | Reached skill level 5 in Long Blades
  1243 | D:3      | Found an ancient bone altar of Kikubaaqudgha.
  1246 | D:3      | Noticed a human
  1250 | D:3      | Killed a human
  1279 | D:3      | Reached XP level 4. HP: 37/39 MP: 3/3
  1328 | D:3      | Found a white marble altar of Elyvilon.
  1508 | D:4      | Noticed a phantom
  1565 | D:4      | Killed a phantom
  1565 | D:4      | Reached skill level 6 in Long Blades
  1565 | D:4      | Reached XP level 5. HP: 21/45 MP: 4/4
  1689 | D:4      | Noticed a phantom
  1703 | D:4      | Found a blossoming altar of Fedhas.
  1727 | D:4      | Killed a phantom
  1727 | D:4      | Reached skill level 7 in Long Blades
  1727 | D:4      | Reached XP level 6. HP: 20/51 MP: 5/5
  1846 | D:4      | Reached skill level 8 in Long Blades
  2083 | D:4      | Found a basalt altar of Yredelemnul.
  2184 | D:4      | Reached skill level 9 in Long Blades
  2252 | D:4      | Found a bloodstained altar of Trog.
  2340 | D:4      | Reached XP level 7. HP: 24/57 MP: 6/6
  2682 | D:5      | Entered Level 5 of the Dungeon
  2688 | D:5      | Upgraded the game from 0.19-a0-1008-g4c63d25 to 0.19-a0-1019-g9c6a58d
  2754 | D:5      | Found a staircase to the Ecumenical Temple.
  2761 | Temple   | Entered the Ecumenical Temple
  2788 | Temple   | Became a worshipper of Makhleb the Destroyer
  3086 | D:5      | Reached skill level 10 in Long Blades
  3476 | D:5      | Reached * piety under Makhleb
  3476 | D:5      | Reached skill level 11 in Long Blades
  3879 | D:5      | Reached XP level 8. HP: 63/64 MP: 7/7
  4230 | D:6      | Reached skill level 12 in Long Blades
  5297 | D:7      | Reached skill level 13 in Long Blades
  5619 | D:7      | Reached XP level 9. HP: 42/70 MP: 8/8
  5938 | D:7      | Reached skill level 14 in Long Blades
  6097 | D:7      | Reached ** piety under Makhleb
  6803 | D:8      | Reached skill level 15 in Long Blades
  7475 | D:8      | Reached skill level 16 in Long Blades
  7586 | D:9      | Reached *** piety under Makhleb
  7586 | D:9      | Reached XP level 10. HP: 76/76 MP: 9/9
  7654 | D:9      | Found a white marble altar of Elyvilon.
  7669 | D:9      | Found an iron altar of Okawaru.
  7859 | D:9      | Found a radiant altar of Vehumet.
  8093 | D:10     | Entered Level 10 of the Dungeon
  8151 | D:10     | Noticed Xiguana's ghost (journeyman HEFi)
  8160 | D:10     | Reached skill level 1 in Invocations
  8189 | D:10     | Slain by Xiguana's ghost

Vault maps used:
D:1:      dpeg_arrival_simpleton_c
D:2:      first_bread
D:3:      elyvilon_altar_4, tgw_kikubaaqudgha
D:4:      lightli_temple_of_fire, kennysheep_little_box,
          fedhas_bush_and_centaur_altar, columned_hall_lemuel
D:9:      okawaru_gym_becter, lemuel_doored_altar, basic_altar
D:10:     lair_0_dummy, david_orc_5, basic_altar, minivault_16, uniq_joseph
Temple:   eino_temple_rhombus

Skill      XL: |  1  2  3  4  5  6  7  8  9 10 |
---------------+-------------------------------+-----
Long Blades    | 3 4 5 6 7 9 11 13 16 | 16.7
Invocations    | 1 |  1.0
Fighting       | |  3.6
Armour         | |  3.6
Shields        | |  3.6

Action                   |  1- 3 |  4- 6 |  7- 9 | 10-12 || total
-------------------------+-------+-------+-------+-------++-------
Melee: Long sword        |    84 |   160 |   313 |       ||   557
       Headbutt          |    14 |    15 |    60 |    11 ||   100
       Great sword       |       |       |   124 |    85 ||   209
Invok: Lesser Servant of |       |       |       |     1 ||     1
  Use: Scroll            |       |     4 |     9 |     2 ||    15
       Potion            |       |       |     4 |     2 ||     6
  Eat: Chunk             |     1 |     4 |    18 |     1 ||    24
       Bread ration      |       |       |     1 |       ||     1
       Fruit             |       |       |     1 |       ||     1
       Beef jerky        |       |       |       |     1 ||     1
Armor: Scale mail        |    41 |    48 |    91 |    16 ||   196
Dodge: Dodged            |    24 |    42 |   118 |    29 ||   213
Block: Shield            |    26 |    62 |    88 |       ||   176
